 Dungeon Crawl Stone Soup version 0.20.1-1-g8b1a95d (webtiles) character file.

595 manyhoops the Conjurer (level 6, 0/45 HPs)
             Began as a Demigod Air Elementalist on Sept 8, 2017.
             Succumbed to Crazy Yiuf's poison
             ... on level 4 of the Dungeon.
             The game lasted 00:04:40 (3670 turns).

manyhoops the Conjurer (Demigod Air Elementalist)   Turns: 3670, Time: 00:04:41

Health: 0/45       AC:  4    Str: 11    XL:     6   Next: 94%
Magic:  4/14       EV: 12    Int: 23    God:
Gold:   138        SH:  0    Dex: 16    Spells: 6/12 levels left

rFire    . . .     SeeInvis .   m - +0 mace
rCold    . . .     Gourm    .   (no shield)
rNeg     . . .     Faith    .   a - +0 robe
rPois    .         Spirit   .   o - +1 helmet
rElec    .         Reflect  .   (no cloak)
rCorr    .         Harm     .   (no gloves)
MR       .....                  (no boots)
Stlth    ++........             (no amulet)
Regen    0.2/turn               (no ring)
MPRegen  0.2/turn               (no ring)

@: lethally poisoned (0 -> -13)
A: high mp 1
a: no special abilities


You were on level 4 of the Dungeon.
You were not hungry.

You visited 1 branch of the dungeon, and saw 4 of its levels.

You collected 138 gold pieces.

Inventory:

Hand Weapons
 m - a +0 mace (weapon)
Armour
 a - a +0 robe (worn)
 o - a +1 helmet (worn)
Wands
 f - a wand of iceblast (7/15)
Scrolls
 e - a scroll of identify
 j - a scroll of recharging
 l - 3 scrolls of teleportation
Potions
 h - 2 potions of lignification
 i - 2 potions of haste
 k - a potion of agility
 p - a potion of curing
Books
 b - a book of Air

   Spells                             Type                      Level
   a - Shock                          Conjuration/Air              1
   b - Swiftness                      Charms/Air                   2
   c - Static Discharge               Conjuration/Air              3
   d - Airstrike                      Air                          4
   e - Lightning Bolt                 Conjuration/Air              5
Comestibles
 c - 3 bread rations
 g - 3 royal jellies
 n - a meat ration


   Skills:
 - Level 1.7 Dodging
 - Level 1.7 Stealth
 + Level 3.8 Spellcasting
 * Level 4.6 Conjurations
 + Level 4.4 Air Magic


You had 6 spell levels left.
You knew the following spells:

 Your Spells              Type           Power        Failure   Level  Hunger
a - Shock                 Conj/Air       ####         1%          1    None
b - Swiftness             Chrm/Air       ##......     6%          2    #......
c - Static Discharge      Conj/Air       ####....     4%          3    ###....


Dungeon Overview and Level Annotations

Branches:
Dungeon (4/15)             Temple (0/1) D:4

Shops:
D:4 *

Annotations:
D:4 Crazy Yiuf


Innate Abilities, Weirdness & Mutations

You have an increased reservoir of magic. (+10% MP)


Message History

Confirm with . or Enter, or press ? or * to list all spells.
Crazy Yiuf is struck by lightning.
Crazy Yiuf is severely wounded.
The lightning grounds out.
Crazy Yiuf hits you with a quarterstaff of chaos!
You are poisoned.
Crazy Yiuf says, "I'm not crazy!"
Crazy Yiuf hits you with a quarterstaff of chaos!
* * * LOW HITPOINT WARNING * * *
Crazy Yiuf burns you.
* * * LOW HITPOINT WARNING * * *
Unknown command.
Casting: Static Discharge
Confirm with . or Enter, or press ? or * to list all spells.
Crazy Yiuf is struck by lightning.
Crazy Yiuf is severely wounded.
The lightning arcs!
You are struck by lightning.
* * * LOW HITPOINT WARNING * * *
The lightning grounds out.
You die...

######### #........
#........ ###
♣♣##.<...... #)..#♣♣
♣♣...........
#...g@♣♣♣♣......######
#...#♣..♣......##.#
### ♣♣♣.♣....###.#
♣♣♣♣♣###...# #..#.#
##############..#.####
#..........#.........#
#..........######.#...
#..........##.........


You could see Crazy Yiuf.

Vanquished Creatures
  3 ogres (D:4)
  An orc priest (D:4)
  An orc wizard (D:4)
  A bullfrog skeleton (D:4)
  A hound (D:4)
  An iguana (D:4)
  A worker ant (D:4)
  4 gnolls (D:2)
  5 adders
  An ooze (D:4)
  An adder skeleton (D:4)
  4 worms
  3 dart slugs
  4 leopard geckos
  5 orcs
  6 bats
  4 giant cockroaches
  2 goblins
  8 hobgoblins
  5 jackals
  6 kobolds
  A quokka (D:3)
  2 ball pythons
  6 frilled lizards
  6 rats
82 creatures vanquished.

Notes
Turn   | Place    | Note
-------+----------+-------------------------------------------
     0 | D:1      | manyhoops the Demigod Air Elementalist began the quest for the Orb.
     0 | D:1      | Reached XP level 1. HP: 14/14 MP: 5/5
     9 | D:1      | Reached skill level 1 in Conjurations
   347 | D:1      | Reached XP level 2. HP: 20/20 MP: 4/7
  1012 | D:2      | Found a hide-covered altar of Uskayaw.
  1015 | D:2      | Found a bloodstained altar of Trog.
  1032 | D:2      | Reached XP level 3. HP: 26/26 MP: 1/8
  1218 | D:2      | Learned a level 2 spell: Swiftness
  1222 | D:2      | Learned a level 3 spell: Static Discharge
  1650 | D:2      | Reached XP level 4. HP: 32/33 MP: 0/10
  2619 | D:3      | Found a snail-covered altar of Cheibriados.
  2722 | D:4      | Found Zin's Purification Station.
  2737 | D:4      | Found a glowing silver altar of Zin.
  2832 | D:4      | Reached XP level 5. HP: 38/38 MP: 6/12
  2878 | D:4      | Found a runed door.
  2955 | D:4      | Noticed an ogre
  2963 | D:4      | Killed an ogre
  3184 | D:4      | Found a staircase to the Ecumenical Temple.
  3206 | D:4      | Reached XP level 6. HP: 45/45 MP: 9/13
  3664 | D:4      | Noticed Crazy Yiuf
  3670 | D:4      | HP: 2/45 [/static electricity (2)]
  3670 | D:4      | Succumbed to Crazy Yiuf's poison

Skill      XL: |  1  2  3  4  5  6 |
---------------+-------------------+-----
Conjurations   | 1 2 3 4 |  4.6
Air Magic      | 3 4 |  4.4
Spellcasting   | 2 3 |  3.8
Dodging        | |  1.7
Stealth        | |  1.7

Action                   |  1- 3 |  4- 6 || total
-------------------------+-------+-------++-------
Melee: Club              |    22 |       ||    22
       Mace              |     2 |    13 ||    15
Throw: Throwing net      |       |     1 ||     1
 Cast: Shock             |    85 |   125 ||   210
       Static Discharge  |       |     2 ||     2
  Use: Scroll            |       |     8 ||     8
       Potion            |       |     1 ||     1
  Eat: Chunk             |     3 |     6 ||     9
Armor: Robe              |     3 |     4 ||     7
Dodge: Dodged            |    20 |    15 ||    35
